 Dungeon Crawl Stone Soup version 0.27.1-34-g3ba077fa99 (webtiles) character file.

Game seed: 7914396306413690549

25 Descartes the Grasshopper (level 3, -2/27 HPs)
             Began as a Formicid Warper on Jan 15, 2022.
             Slain by a sky beast (6 damage)
             ... on level 4 of the Dungeon.
             The game lasted 00:02:36 (1179 turns).

Descartes the Grasshopper (Formicid Warper)         Turns: 1179, Time: 00:02:37

Health: -2/27      AC:  3    Str: 16    XL:     3   Next: 17%
Magic:  6/6        EV: 11    Int: 12    God:
Gold:   93         SH:  0    Dex: 10    Spells: 6/6 levels left

rFire    . . .     SeeInvis +   a - +0 mace
rCold    . . .     Faith    .   (no shield)
rNeg     . . .     Spirit   .   b - +0 leather armour
rPois    .         Reflect  .   (helmet unavailable)
rElec    .         Harm     .   (no cloak)
rCorr    .         Rampage  .   (no gloves)
Will     .....                  (no boots)
Stlth    +.........             (no amulet)
HPRegen  0.09/turn              (no ring)
MPRegen  0.10/turn              (no ring)

@: attractive
A: permanent stasis, dig shafts and tunnels, antennae 3, four strong arms
a: Dig, Shaft Self


You were on level 4 of the Dungeon.
You visited 1 branch of the dungeon, and saw 3 of its levels.

You collected 93 gold pieces.

Inventory:

Hand Weapons
 a - a +0 mace (weapon)
Missiles
 c - 5 boomerangs of dispersal (quivered)
 e - 39 stones
 g - 13 poisoned darts
 m - 11 sling bullets
Armour
 b - a +0 leather armour (worn)
Scrolls
 d - a scroll of enchant armour {unknown}
 h - a scroll of amnesia {unknown}
 i - a scroll of fear {unknown}
 j - a scroll of magic mapping {unknown}


   Skills:
 - Level 2.1 Fighting
 - Level 2.0 Maces & Flails
 - Level 1.0 Throwing
 + Level 2.0 Armour
 - Level 1.7 Dodging
 - Level 2.1 Spellcasting
 + Level 3.1 Translocations
 + Level 1.7 Poison Magic


You had 6 spell levels left.
You didn't know any spells.
Your spell library contained the following spells:

 Spells                   Type           Power      Damage    Failure   Level
 Gell's Gravitas          Tloc           4%         N/A       28%         3
 Lesser Beckoning         Tloc           4%         N/A       28%         3
 Teleport Other           Tloc           8%         N/A       28%         3
 Ignite Poison            Fire/Tmut/Pois 2%         N/A       61%         3
 Conjure Flame            Conj/Fire      1%         6-21      69%         3
 Manifold Assault         Tloc           8%         N/A       95%         5
 Sticky Flame             Conj/Fire      1%         2d3       97%         4
 Blink                    Tloc           Unusable   N/A       N/A         2

Dungeon Overview and Level Annotations

Branches:
Dungeon (2/15)

Altars:
Dithmenos

Shops:
D:1 *


Innate Abilities, Weirdness & Mutations

You cannot be hasted, slowed, berserked, paralysed or teleported.
You can dig through walls and to a lower floor.
You have a pair of large antennae on your head. (SInv)
Your four strong arms can wield two-handed weapons with a shield.


Message History

You hit the sky beast.
The sky beast is moderately wounded.
The sky beast flickers out of sight!
Deactivating autopickup; reactivate with Ctrl-A.
Something hits you. Something shocks you.
You barely miss something. Something hits you but does no damage.
There is a strange disturbance nearby!
Unknown command.
You barely miss something.
You feel less wooden.
Your +0 leather armour unmelds from your body.
The sky beast barely misses you.
You barely miss the sky beast.
The sky beast is moderately wounded.
The sky beast hits you but does no damage.
The sky beast hits you. The sky beast shocks you.
It was a potion of attraction.
You feel attractive to monsters. The sky beast closely misses you.
You closely miss the sky beast.
The sky beast is moderately wounded.
The sky beast hits you but does no damage.
You sock the sky beast!
The sky beast is severely wounded.
The sky beast hits you but does no damage.
You barely miss the sky beast.
The sky beast is severely wounded.
The sky beast barely misses you.
The sky beast flickers out of sight for a moment.
The sky beast barely misses you.
You sock the sky beast!
The sky beast is almost dead.
The sky beast hits you. The sky beast shocks you.
* * * LOW HITPOINT WARNING * * *
You closely miss the sky beast.
The sky beast is almost dead.
The sky beast hits you.
* * * LOW HITPOINT WARNING * * *
The sky beast shocks you.
You die...

#### ### ...
#.#####
#.####.#.#@#
#.......#Y##
#.....Y####
#........##
#.........#
#....##...#
#.....#......
#.....#......#
#.##..........


You could see a sky beast.

Vanquished Creatures
  An ufetubus (D:4)
  A dart slug (D:1)
  4 endoplasms
  2 giant cockroaches (D:2)
  A goblin (D:1)
  A hobgoblin (D:1)
  2 ball pythons
  2 frilled lizards
  A kobold (D:1)
  3 rats
18 creatures vanquished.

Notes
Turn   | Place    | Note
-------+----------+-------------------------------------------
     0 | D:1      | Descartes the Formicid Warper began the quest for the Orb.
     0 | D:1      | Reached XP level 1. HP: 16/16 MP: 3/3
   294 | D:1      | Reached skill level 1 in Poison Magic
   294 | D:1      | Reached XP level 2. HP: 19/22 MP: 5/5
   600 | D:1      | Found Ryghipoe's Assorted Antiques.
   860 | D:2      | Found a shadowy altar of Dithmenos.
   909 | D:2      | Reached skill level 3 in Translocations
  1142 | D:2      | You fall into a shaft and drop 2 floors!
  1142 | D:4      | Noticed a sky beast
  1153 | D:4      | Reached XP level 3. HP: 10/27 MP: 6/6
  1179 | D:4      | Slain by a sky beast

Illustrated notes

Levels and vault maps discovered:
D:1:      dpeg_arrival_windows_large_door, layout_rooms, serial_shops, shop
D:2:      layout_basic, basic_ecumenical_altar, basic_altar,
          kennysheep_generic_room_6
D:4:      layout_cave_pools, uniq_crazy_yiuf_cottage

Skill      XL: |  1  2 |
---------------+-------+-----
Poison Magic   | 1 |  1.7
Translocations | 3 |  3.1
Armour         | 2 |  2.0
Fighting       | |  2.1
Maces & Flails | |  2.0
Throwing       | |  1.0
Dodging        | |  1.7
Spellcasting   | |  2.1

Action                   || total
-------------------------++-------
Melee: Mace              ||    67
 Abil: Dig               ||     1
  Use: Potion            ||     3
Armor: Leather armour    ||    10
       Skin              ||    20
Dodge: Dodged            ||    27
